 Dungeon Crawl Stone Soup version 0.31-a0-460-g9e667d4245 (webtiles) character file.

Game seed: 10585677016717038550

1225 promet the Trooper (level 8, -1/83 HPs)
             Began as an Ogre Wanderer on Aug 4, 2023.
             Was a Follower of Cheibriados.
             Slain by a steam dragon (9 damage)
             ... on level 6 of the Dungeon.
             The game lasted 00:30:13 (11152 turns).

promet the Trooper (Ogre Wanderer)                 Turns: 11152, Time: 00:30:13

Health: -1/83      AC:  4    Str: 18    XL:     8   Next: 47%
Magic:  14/14      EV: 10    Int: 15    God:    Cheibriados [*.....]
Gold:   239        SH:  0    Dex: 13    Spells: 5/15 levels left

rFire   . . .        a - +1 broad axe (holy)
rCold   . . .        (no shield)
rNeg    . . .        e - +1 robe
rPois   +            (helmet restricted)
rElec   .            (no cloak)
rCorr   .            (gloves unavailable)
SInv    .            (boots unavailable)
Will    .....        (no amulet)
Stlth   +            m - ring of poison resistance
HPRegen 0.33/turn    (no ring)
MPRegen 0.14/turn

%: no passive effects
@: confused, ambrosia-drunk, very slightly contaminated, very slow
A: large, unfitting armour, tough skin 1
a: Renounce Religion, Bend Time


You were on level 6 of the Dungeon.
You worshipped Cheibriados.
Cheibriados was aware of your devotion.
You visited 1 branch of the dungeon, and saw 6 of its levels.

You collected 239 gold pieces.

Inventory:

Hand Weapons
 a - a +1 broad axe of holy wrath (weapon)
 b - a +0 orcbow
 k - a +0 trident
 p - a +2 short sword of freezing
 t - a +2 war axe
 v - a +0 halberd
 y - a +0 sling
Missiles
 w - 20 poisoned darts (quivered)
 x - 9 stones
Armour
 e - a +1 robe (worn)
Magical Staves
 n - a staff of air
Jewellery
 m - a ring of poison resistance (left hand)
 o - a ring of ice
Wands
 u - a wand of light (5)
 A - a wand of digging (7)
Scrolls
 f - a scroll of amnesia
 l - a scroll of noise
 q - a scroll of teleportation
Potions
 d - a potion of curing
 g - 3 potions of attraction
 h - a potion of resistance {unknown}
 i - a potion of brilliance
 j - a potion of mutation
 r - 3 potions of lignification
 z - a potion of berserk rage
Miscellaneous
 c - a phantom mirror


   Skills:
 * Level 5.9 Fighting
 + Level 1.1 Short Blades
 + Level 4.4 Axes
 + Level 0.1 Ranged Weapons
 + Level 2.0 Throwing
 + Level 2.2 Dodging
 + Level 1.6 Stealth
 + Level 4.4 Spellcasting
 + Level 0.7 Conjurations
 + Level 1.7 Summonings
 + Level 0.3 Translocations
 + Level 1.4 Transmutations
 + Level 0.1 Fire Magic
 + Level 2.2 Poison Magic
 + Level 4.4 Evocations


You had 5 spell levels left.
You knew the following spells:

 Your Spells              Type           Power      Damage    Failure   Level
a - Sting                 Tmut/Pois      32%        1d4       9%          1
b - Magic Dart            Conj           20%        1d4       13%         1
c - Call Imp              Summ           16%        N/A       13%         2
d - Mephitic Cloud        Conj/Pois/Air  6%         N/A       34%         3
e - Volatile Blastmotes   Fire/Tloc      8%         2d10      43%         3

Your spell library contained the following spells:

 Spells                   Type           Power      Damage    Failure   Level
 Iskenderun's Mystic Bla  Conj/Tloc      4%         2d3       80%         4
 Fulminant Prism          Conj/Hex       2%         3d5       83%         4


Dungeon Overview and Level Annotations

Branches:
Dungeon (6/15)
 Temple: D:4-7

Altars:
Ashenzari
Cheibriados
Kikubaaqudgha
Qazlal
Sif Muna
Vehumet
Zin
The Shining One


Innate Abilities, Weirdness & Mutations

You are too large for most types of armour.
You have tough skin. (AC +1)


Message History

You are engulfed in a cloud of scalding steam.
The steam dragon bites you.
The steam dragon claws you but does no damage.
You completely miss the steam dragon.
You are engulfed in a cloud of scalding steam.
The steam dragon breathes steam at you. The ball of steam hits you!!
Okay, then.
Casting: Call Imp (safe; 13% risk of failure)
Confirm with . or Enter, or press ? or * to list all spells.
A tiny devil pulls itself out of the air.
The steam dragon closely misses you.
The steam dragon claws you but does no damage.
You slash the steam dragon!
The steam dragon is heavily wounded.
The steam dragon breathes steam at you. The ball of steam misses you.
Your cerulean imp hits the steam dragon but does no damage.
The steam dragon bites you but does no damage.
The steam dragon claws you but does no damage.
Your cerulean imp hits the steam dragon but does no damage.
You hit the steam dragon.
The steam dragon is severely wounded.
You are engulfed in a cloud of scalding steam.
* * * LOW HITPOINT WARNING * * *
The steam dragon barely misses you. The steam dragon misses you.
Your cerulean imp closely misses the steam dragon.
You are confused.
You feel invigorated.
You are engulfed in a cloud of scalding steam.
* * * LOW HITPOINT WARNING * * *
The steam dragon bites you!
* * * LOW HITPOINT WARNING * * *
The steam dragon claws you but does no damage.
Your cerulean imp hits the steam dragon with a -4 spear.
You bump into the rock wall.
You are engulfed in a cloud of scalding steam.
* * * LOW HITPOINT WARNING * * *
The steam dragon bites you!
You die...

##. ... # #.. #.
#.# #
###.##>####.##
#..?..........
#.#..5......#
#.#.# #D# #.#.#
#@# #.#.# #§#
#.#.####.#
#.......§# ##
#...####.# .###
#...# #.# .#.#
#...# #.#
..#.#####...####.#
.###.............#


You could see a steam dragon (ally target) and a friendly cerulean imp
(summoned).

Vanquished Creatures
  A water moccasin (D:5)
  An ice beast (D:6)
  2 ogres
  A centaur (D:6)
  2 phantoms (D:6)
  3 scorpions
  2 hounds (D:4)
  A gnoll bouda (D:5)
  2 sleepcaps (D:5)
  2 iguanas (D:5)
  7 gnolls (D:5)
  5 adders
  A shadow imp (D:6)
  A worm (D:5)
  4 dart slugs
  5 orcs
  6 bats
  3 endoplasms (D:1)
  3 giant cockroaches
  3 goblins
  5 hobgoblins
  4 jackals
  6 kobolds
  5 quokkas
  5 ball pythons
  4 frilled lizards
  7 rats
91 creatures vanquished.

Vanquished Creatures (collateral kills)
  A hound (D:6)
  An iguana (D:6)
  A jackal (D:5)
3 creatures vanquished.

Vanquished Creatures (others)
  A gnoll (D:5)
1 creature vanquished.

Grand Total: 95 creatures vanquished

Notes
Turn   | Place    | Note
-------+----------+-------------------------------------------
     0 | D:1      | promet the Ogre Wanderer began the quest for the Orb.
     0 | D:1      | promet set off with the following items: a +0 dagger, 15
                  | poisoned darts, a phantom mirror, a potion of curing, a +0
                  | robe; and the following spell memorised: Sting; and the
                  | following spells available to memorise: Mephitic Cloud.
     0 | D:1      | Reached XP level 1. HP: 16/16 MP: 2/2
   387 | D:1      | Reached XP level 2. HP: 11/24 MP: 0/3
  1083 | D:1      | Reached skill level 1 in Short Blades
  1301 | D:1      | Reached XP level 3. HP: 29/31 MP: 4/4
  1327 | D:1      | Learned a level 1 spell: Magic Dart
  2184 | D:2      | Reached skill level 1 in Fighting
  3022 | D:2      | Identified the +0 shortbow of the Shoals {speed, rPois rN+}
  3047 | D:2      | Reached skill level 1 in Axes
  3622 | D:3      | Reached XP level 4. HP: 41/41 MP: 2/6
  4291 | D:3      | Noticed a scorpion
  4297 | D:3      | Killed a scorpion
  4298 | D:3      | Reached XP level 5. HP: 27/49 MP: 2/8
  4530 | D:3      | Learned a level 2 spell: Call Imp
  4822 | D:3      | Found a glowing silver altar of Zin.
  4825 | D:3      | Found a glowing golden altar of the Shining One.
  4830 | D:3      | Found a snail-covered altar of Cheibriados.
  4834 | D:3      | Became a worshipper of Cheibriados the Contemplative
  5059 | D:4      | Reached skill level 2 in Fighting
  5210 | D:4      | Found a broken altar of Ashenzari.
  5223 | D:4      | Noticed an ogre
  5235 | D:4      | Killed an ogre
  5236 | D:4      | Reached skill level 1 in Transmutations
  5236 | D:4      | Reached XP level 6. HP: 59/59 MP: 7/9
  5540 | D:4      | Found a stormy altar of Qazlal.
  5581 | D:4      | Reached skill level 3 in Fighting
  5931 | D:4      | Identified a scroll of acquirement
  5932 | D:4      | Acquired a +1 broad axe of holy wrath
  6094 | D:5      | Entered Level 5 of the Dungeon
  6431 | D:5      | Reached skill level 1 in Stealth
  6828 | D:5      | Reached XP level 7. HP: 20/68 MP: 6/11
  7654 | D:5      | Reached * piety under Cheibriados
  7655 | D:5      | Reached skill level 4 in Fighting
  8485 | D:5      | Found a radiant altar of Vehumet.
  8494 | D:5      | Found an ancient bone altar of Kikubaaqudgha.
  8495 | D:5      | Found a shimmering blue altar of Sif Muna.
  9328 | D:5      | Reached skill level 5 in Fighting
  9328 | D:5      | Reached skill level 1 in Summonings
  9829 | D:5      | Reached XP level 8. HP: 77/80 MP: 10/13
  9947 | D:5      | Learned a level 3 spell: Mephitic Cloud
  9954 | D:5      | Learned a level 3 spell: Volatile Blastmotes
 11152 | D:6      | HP: 3/83 [steam dragon] (2)]
 11152 | D:6      | Slain by a steam dragon

Illustrated notes

Levels and vault maps discovered:
D:1:      giann_wishing_wells, layout_rooms, serial_forest,
          infiniplex_forest_lined_ring, infiniplex_forest_clump_double,
          infiniplex_forest_clump_small, infiniplex_forest_straight_4,
          infiniplex_forest_clump_diagonal, infiniplex_forest_clump_C,
          infiniplex_forest_clump_tiny, infiniplex_forest_split,
          infiniplex_forest_lined_2, hangedman_decor_growths,
          hangedman_decor_riveting, minmay_pentomino_o4
D:2:      layout_loops_ring, minivault_4
D:3:      layout_loops_ring, grunt_temple_overflow_diamond
D:4:      layout_loops_ring, grunt_qazlal_clouds, ashenzari_conservatory_becter
D:5:      layout_basic, grunt_temple_overflow_magic_moments
D:6:      kennysheep_spiral_hall, layout_loops_ring

Skill      XL: |  1  2  3  4  5  6  7  8 |
---------------+-------------------------+-----
Short Blades   | 1 |  1.1
Fighting       | 1 2 3 5 |  5.9
Axes           | 1 2 3 4 |  4.4
Spellcasting   | 2 3 4 |  4.4
Transmutations | 1 |  1.4
Stealth        | 1 |  1.6
Poison Magic   | 2 |  2.2
Summonings     | 1 |  1.7
Dodging        | 2 |  2.2
Ranged Weapons | |  0.1
Throwing       | |  2.0
Conjurations   | |  0.7
Translocations | |  0.3
Fire Magic     | |  0.1
Evocations     | |  4.4

Action                     |  1- 3 |  4- 6 |  7- 9 || total
---------------------------+-------+-------+-------++-------
  Melee: Short sword       |    39 |       |       ||    39
         Dagger            |     7 |       |       ||     7
         War axe           |    75 |    37 |       ||   112
         Broad axe         |       |    33 |   102 ||   135
         Punch             |       |     1 |     1 ||     2
   Fire: Sling             |       |       |     3 ||     3
  Throw: Dart              |       |     7 |       ||     7
   Cast: Sting             |    20 |    14 |    19 ||    53
         Magic Dart        |     9 |     5 |    31 ||    45
         Call Imp          |       |     2 |    19 ||    21
         Volatile Blastmot |       |       |     1 ||     1
  Evoke: Wand              |       |       |     1 ||     1
    Use: Scroll            |     6 |    11 |     4 ||    21
         Potion            |       |       |     1 ||     1
   Stab: Distracted        |     1 |       |       ||     1
         Sleeping          |     1 |       |       ||     1
 Armour: Robe              |    62 |    11 |    34 ||   107
  Dodge: Dodged            |    84 |    52 |   101 ||   237

Table legend: (Time is in decaauts)
 A = Elapsed time spent in this place.
 B = Non-inter-level travel time spent in this place.
 C = Inter-level travel time spent in this place.
 D = Time resting spent in this place.
 E = Time spent auto-exploring this place.
 F = Levels seen in this place.
 G = Mean time per level.
                   A        B        C        D        E       F      G
               +--------+--------+--------+--------+--------+-----+--------+
         Total |  11947 |  11666 |    281 |   6286 |   2957 |   6 | 1991.2 |
       Dungeon |  11947 |  11666 |    281 |   6286 |   2957 |   6 | 1991.2 |
               +--------+--------+--------+--------+--------+-----+--------+

Top non-repeatable levels by time:
     D:5: 4005 daAuts
     D:3: 1886 daAuts
     D:1: 1808 daAuts
     D:4: 1571 daAuts
     D:2: 1439 daAuts
     D:6: 1234 daAuts
